 Dungeon Crawl Stone Soup version 0.19-a0-526-gbe2e51c (webtiles) character file.

148 George the Slasher (level 5, 0/38 HPs)
             Began as a Demonspawn Gladiator on June 7, 2016.
             Slain by a gnoll
             ... wielding a +0 halberd
              (4 damage)
             ... on level 3 of the Dungeon.
             The game lasted 00:04:00 (2805 turns).

George the Slasher (Demonspawn Gladiator)           Turns: 2805, Time: 00:04:00

Health: 0/38       AC:  5    Str: 16    XL:     5   Next: 8%
Magic:  5/5        EV: 11    Int:  9    God:
Gold:   133        SH:  0    Dex: 14    Spells: 0 memorised, 4 levels left

rFire  . . .     SeeInvis .     a - +0 long sword
rCold  + . .     Gourm    .     l - +0 ring mail
rNeg   . . .     Faith    .     (no shield)
rPois  .         Spirit   .     (helmet restricted)
rElec  .         Dismiss  .     (no cloak)
rCorr  .         Reflect  .     (no gloves)
SustAt .         Harm     .     (no boots)
MR     .....                    (no amulet)
Stlth  +.........               (no ring)
                                k - ring of protection from cold

@: not resistant to hostile enchantments, very unstealthy
A: horns 1, powered by death 1, spiny 1
a: no special abilities


You were on level 3 of the Dungeon.
You were not hungry.

You visited 1 branch of the dungeon, and saw 3 of its levels.

You collected 133 gold pieces.

Inventory:

Hand Weapons
 a - a +0 long sword (weapon)
Missiles
 d - 3 throwing nets (quivered)
Armour
 l - a +0 ring mail (worn)
Jewellery
 k - a ring of protection from cold (left hand)
Scrolls
 g - a scroll of recharging {unknown}
 j - a scroll of enchant armour {unknown}
 n - 2 scrolls of identify {unknown}
 o - a scroll of fear {unknown}
 p - a scroll of random uselessness {unknown}
 r - a scroll of remove curse {unknown}
 u - a scroll of amnesia {unknown}
 x - a scroll of immolation {unknown}
Potions
 h - 2 potions of curing {unknown}
 q - a potion of ambrosia {unknown}
 t - a potion of berserk rage {unknown}
Comestibles
 f - 3 bread rations
 m - a slice of pizza
 v - 2 chunks of flesh
 w - 3 fruits


   Skills:
 - Level 2.0 Fighting
 + Level 5.3 Long Blades
 - Level 1.7 Throwing
 - Level 2.6 Dodging


You had 4 spell levels left.
You didn't know any spells.

Dungeon Overview and Level Annotations

Branches:
Dungeon (3/15)

Altars:
Fedhas
Sif Muna


Innate Abilities, Weirdness & Mutations

You have a pair of small horns on your head.
You regenerate a little health from kills.
You are partially covered in sharp spines.


Message History

You see here a halberd.
You barely miss the gnoll. Your headbutt misses the gnoll.
The gnoll is moderately wounded.
The gnoll is struck by your spines. The gnoll closely misses you.
The gnoll barely misses you. The gnoll hits you with a spear.
* * * LOW HITPOINT WARNING * * *
You barely miss the gnoll.
The gnoll is moderately wounded.
The gnoll is struck by your spines. The gnoll closely misses you.
The gnoll barely misses you.
You closely miss the gnoll.
The gnoll is moderately wounded.
The gnoll barely misses you. The gnoll closely misses you.
You hit the gnoll. You headbutt the gnoll.
The gnoll is severely wounded.
The gnoll hits you but does no damage. x2
You hit the gnoll but do no damage.
The gnoll is severely wounded.
The gnoll hits you but does no damage. The gnoll hits you with a halberd.
You die...

.#.#.)########...).#.#.#.#
#.# .#.#..# #.....#.#.#.#
#.# ##.#..# #.....#.#.#.#
#.# ...#..# #.....#.#.#.#
#.# ......# #.....#.#.#.#
#.#
###...########.....#.#.#.#
#.# #..........#...†.#.#.#
#..#######.##....# #.#
#..# #.@..# #..# #gg..#
#..# #....# #..# .....#
#..# ......# ###..#
.......# .....# ....#+#..
###### #.$.. ###


You could see 2 gnolls.

Vanquished Creatures
  A worker ant (D:3)
  The ghost of Duffy the Poker, a weakling MfGl (D:3)
  2 gnolls (D:3)
  2 adders
  An ooze (D:1)
  2 worms (D:3)
  4 dart slugs (D:1)
  A giant gecko (D:2)
  2 orcs (D:3)
  6 goblins
  5 hobgoblins
  3 jackals (D:2)
  A quokka (D:3)
  8 bats
  3 giant newts
  6 kobolds
  9 rats
57 creatures vanquished.

Notes
Turn   | Place    | Note
--------------------------------------------------------------
     0 | D:1      | George the Demonspawn Gladiator began the quest for the Orb.
     0 | D:1      | Reached XP level 1. HP: 16/16 MP: 1/1
     1 | D:1      | Noticed an electric eel
   155 | D:1      | Reached skill level 3 in Long Blades
   575 | D:1      | Gained mutation: You have a pair of small horns on your head. [demonic ancestry]
   575 | D:1      | Reached XP level 2. HP: 22/22 MP: 2/2
  1084 | D:2      | Gained mutation: You are partially covered in sharp spines. [demonic ancestry]
  1084 | D:2      | Reached XP level 3. HP: 27/27 MP: 3/3
  1209 | D:2      | Found a blossoming altar of Fedhas.
  1347 | D:2      | Reached skill level 4 in Long Blades
  1368 | D:2      | Found a deep blue altar of Sif Muna.
  1908 | D:3      | Reached XP level 4. HP: 33/33 MP: 4/4
  1967 | D:3      | Noticed Duffy's ghost (weakling MfGl)
  1974 | D:3      | Killed Duffy's ghost
  2547 | D:3      | Reached skill level 5 in Long Blades
  2795 | D:3      | Gained mutation: You regenerate a little health from kills. [demonic ancestry]
  2795 | D:3      | Reached XP level 5. HP: 38/38 MP: 5/5
  2805 | D:3      | Slain by a gnoll

Vault maps used:
D:1:      arrival_aquarium_a
D:2:      led_sif_pool, nicolae_overflow_crystal_walls
D:3:      led_xom_imps

Skill      XL: |  1  2  3  4 |
---------------+-------------+-----
Long Blades    | 3 4 5 |  5.3
Fighting       | |  2.0
Throwing       | |  1.7
Dodging        | |  2.6

Action                   |  1- 3 |  4- 6 || total
-------------------------+-------+-------++-------
Melee: Long sword        |    87 |    52 ||   139
       Headbutt          |     6 |    15 ||    21
  Eat: Chunk             |     3 |     3 ||     6
Armor: Ring mail         |    24 |    15 ||    39
       Leather armour    |     4 |       ||     4
Dodge: Dodged            |    51 |    39 ||    90
